 Dungeon Crawl Stone Soup version 0.29.1-15-g9cfb28693d (webtiles) character file.

Game seed: 8055574813665864855

764602 protoss039 the Sorcerer (level 27, -5/231 HPs)
             Began as a Demonspawn Earth Elementalist on Mar 26, 2023.
             Was the Champion of Vehumet.
             Blown up by Fusch the pandemonium lord (35 damage)
             ... with a bolt of energy
             ... on level 23 of a ziggurat on Mar 27, 2023.
             The game lasted 06:43:18 (75569 turns).

protoss039 the Sorcerer (DsEE)                     Turns: 75569, Time: 06:43:18

Health: -5/231     AC: 25    Str: 18      XL:     27
Magic:  21/59      EV: 19    Int: 53 (54) God:    Vehumet [******]
Gold:   9145       SH: 16    Dex: 13 (14) Spells: 13/72 levels left

rFire   + + +      SeeInvis +   U - +8 scimitar "Iwuuxt" {spect, Fragile Int+7 Stlth+}
rCold   + + +      Faith    .   V - +2 shield of Resistance {rF++ rC++ Will++}
rNeg    + + +      Spirit   .   Z - +3 ring mail of Abstinence {rElec rF+ Will+ Stlth+}
rPois   ∞          Reflect  .   j - +0 hat "Femmubir" {Int+4 SInv}
rElec   +          Harm     .   X - +2 cloak
rCorr   +          Rampage  .   (gloves unavailable)
Will    +++++      NoTele   +   Y - +2 pair of boots "Kopeblits" {+Blink rN+ Will++}
Stlth   ++++++....              J - amulet of Coguocreash {RegenMP -Tele rCorr MP+9 Int+9}
HPRegen 9.48/turn               x - ring "Pazodame" {Wiz rF+ Str+4}
MPRegen 0.76/turn               a - ring "Iluisec" {*Slow Fly rCorr Int+7}

@: lich-form, on word of chaos cooldown, flying, studying 4 skills, repel
missiles
A: draining attack, torment immunity, no potions, repulsion field 3, powered by
death 3, demonic magic 3, corrupting presence 2, word of chaos, demonic touch 3,
antennae 1, deterioration 2, strong 1
}: 4/15 runes: decaying, silver, abyssal, gossamer
a: Word of Chaos, End Transformation, Renounce Religion, Evoke Blink


You were on level 23 of a ziggurat.
You worshipped Vehumet.
Vehumet was exalted by your worship.
You were an undead lich.
You visited 13 branches of the dungeon, and saw 56 of its levels.
You visited the Abyss 1 time.
You visited 1 ziggurat, and saw 23 of its levels.
You also visited: Bailey, Gauntlet, Ice Cave, Volcano and Desolation.

You collected 10615 gold pieces.
You spent 1470 gold pieces at shops.

Inventory:

Hand Weapons
 H - the +9 staff of Wucad Mu {*channel}
   (You found it on level 12 of a ziggurat)

   It occasionally powers its wielder's spells, but with a chance of causing
   confusion or draining the wielder's intelligence.
   It becomes more likely to activate and less likely to backfire with increased
   Evocations skill.
 I - the +7 sceptre of Torment {pain, torment}
   (You found it on level 19 of a ziggurat)

   In the hands of one skilled in necromantic magic, it inflicts extra damage on
   living creatures.
   It occasionally torments all nearby living foes when it strikes in combat.
 U - the +8 scimitar "Iwuuxt" (weapon) {spect, Fragile Int+7 Stlth+}
   (You found it on level 3 of the Elven Halls)

   When its wielder attacks, the weapon's spirit leaps out and strikes again.
   The spirit shares a part of any damage it takes with its wielder.
   Int:       It affects your intelligence (+7).
   Fragile:   It will be destroyed if unequipped.
   Stlth:     It makes you more stealthy.
Missiles
 t - 7 silver javelins
 O - 9 throwing nets
Armour
 j - the +0 hat "Femmubir" (worn) {Int+4 SInv}
   (You found it on level 4 of the Spider Nest)

   Int:       It affects your intelligence (+4).
   SInv:      It lets you see invisible.
 w - the +9 scales of the Dragon King {rPois rF+ rC+ Will+}
   (You found it on level 19 of a ziggurat)

   rF:        It protects you from fire.
   rC:        It protects you from cold.
   rPois:     It protects you from poison.
   Will:      It increases your willpower.
 R - the +1 robe of Vines {NoPotionHeal Regen++++}
   (You found it on level 19 of a ziggurat)

   Its wearer cannot be healed by potions.
   Regen:     It increases your rate of health regeneration.
 V - the +2 shield of Resistance (worn) {rF++ rC++ Will++}
   (You found it on level 15 of a ziggurat)

   rF:        It greatly protects you from fire.
   rC:        It greatly protects you from cold.
   Will:      It greatly increases your willpower.
 X - a +2 cloak (worn)
 Y - the +2 pair of boots "Kopeblits" (worn) {+Blink rN+ Will++}
   (You found it in a volcano)

   rN:        It protects you from negative energy.
   +Blink:    It lets you blink.
   Will:      It greatly increases your willpower.
 Z - the +3 ring mail of Abstinence (worn) {rElec rF+ Will+ Stlth+}
   (You found it on level 14 of the Dungeon)

   rF:        It protects you from fire.
   rElec:     It insulates you from electricity.
   Will:      It increases your willpower.
   Stlth:     It makes you more stealthy.
Jewellery
 a - the ring "Iluisec" (right hand) {*Slow Fly rCorr Int+7}
   (You found it on level 3 of the Elven Halls)

   [ring of flight]

   Int:       It affects your intelligence (+7).
   Fly:       It grants you flight.
   rCorr:     It protects you from acid and corrosion.
   *Slow:     It may slow you when you take damage.
 b - the ring of Shadows {Umbra +Inv Stlth+}
   (You found it on level 4 of the Realm of Zot)

   [ring of stealth]

   It surrounds you with an aura of shadow, increasing your stealth and reducing
   the accuracy of all others within it.
   +Inv:      It lets you turn invisible.
   Stlth:     It makes you more stealthy.
 d - the amulet of the Past {Contam rElec Regen+ Dex+3 SInv}
   (You found it on level 3 of the Elven Halls)

   [amulet of regeneration]

   Dex:       It affects your dexterity (+3).
   rElec:     It insulates you from electricity.
   SInv:      It lets you see invisible.
   Contam:    It causes magical contamination when unequipped.
   Regen:     It increases your rate of health regeneration.
 h - the ring of Urairoun {rF+ Str+6 Dex+2}
   (You found it on level 17 of a ziggurat)

   [ring of strength]

   Str:       It affects your strength (+6).
   Dex:       It affects your dexterity (+2).
   rF:        It protects you from fire.
 p - the ring of Ronijyn {rF+ rN+ Str-3 Int+5 SInv}
   (You found it on level 3 of the Elven Halls)

   [ring of protection from fire]

   Str:       It affects your strength (-3).
   Int:       It affects your intelligence (+5).
   rF:        It protects you from fire.
   rN:        It protects you from negative energy.
   SInv:      It lets you see invisible.
 v - the brooch of Shielding {Spirit SH+8}
   (You found it on level 19 of a ziggurat)

   [amulet of guardian spirit]

   It causes incoming damage to be divided between your reserves of health and
   magic.
   SH:        It affects your SH (+8).
 x - the ring "Pazodame" (left hand) {Wiz rF+ Str+4}
   (You found it on level 10 of a ziggurat)

   [ring of wizardry]

   It improves your spell success rate.
   Str:       It affects your strength (+4).
   rF:        It protects you from fire.
 G - the ring "Deuzojoq" {Contam Drain rC+++ Will++ Str+6}
   (You found it on level 11 of a ziggurat)

   [ring of strength]

   Str:       It affects your strength (+6).
   rC:        It renders you almost immune to cold.
   Contam:    It causes magical contamination when unequipped.
   Drain:     It drains your maximum health when unequipped.
   Will:      It greatly increases your willpower.
 J - the amulet of Coguocreash (around neck) {RegenMP -Tele rCorr MP+9 Int+9}
   (You found it in the Desolation of Salt)

   [amulet of magic regeneration]

   It increases your rate of magic regeneration.
   Int:       It affects your intelligence (+9).
   MP:        It affects your magic capacity (+9).
   -Tele:     It prevents most forms of teleportation.
   rCorr:     It protects you from acid and corrosion.
 K - the amulet of Bicwuwaufi {Spirit Str+2 Int+3}
   (You found it on level 20 of a ziggurat)

   [amulet of guardian spirit]

   It causes incoming damage to be divided between your reserves of health and
   magic.
   Str:       It affects your strength (+2).
   Int:       It affects your intelligence (+3).
 M - the amulet of the Four Winds {rN+ Will+++ Clar}
   (You took it off a yaktaur captain on level 5 of the Vaults)

   [amulet of nothing]

   rN:        It protects you from negative energy.
   Clar:      It protects you against confusion.
   Will:      It greatly increases your willpower.
 W - the ring "Vacw" {rF+ Will+ Str+2}
   (You found it on level 12 of a ziggurat)

   [ring of willpower]

   Str:       It affects your strength (+2).
   rF:        It protects you from fire.
   Will:      It increases your willpower.
Wands
 C - a wand of iceblast (49)
 Q - a wand of digging (30)
 T - a wand of quicksilver (6)
Scrolls
 c - 11 scrolls of fear
 i - 10 scrolls of enchant armour
 l - 16 scrolls of magic mapping
 o - 9 scrolls of immolation
 q - 30 scrolls of teleportation
 s - 5 scrolls of torment
 y - 14 scrolls of blinking
 z - 9 scrolls of poison
 B - 24 scrolls of fog
Potions
 e - 2 potions of heal wounds
 g - 4 potions of cancellation
 k - 2 potions of haste
 m - 13 potions of brilliance
 n - 19 potions of mutation
 r - 18 potions of curing
 u - 9 potions of might
 A - 5 potions of ambrosia
 D - 3 potions of resistance
 L - 6 potions of lignification
 N - 6 potions of invisibility
 P - 5 potions of magic
Miscellaneous
 E - a phantom mirror
 F - a condenser vane


   Skills:
 + Level 22.0 Fighting
 - Level 6.0(8.4) Short Blades
 - Level 9.2(10.0) Long Blades
 + Level 16.5 Armour
 - Level 12.0 Dodging
 - Level 12.0 Stealth
 + Level 17.9 Shields
 * Level 23.1 Spellcasting
 - Level 18.0 Conjurations
 - Level 15.0 Necromancy
 - Level 3.0 Translocations
 + Level 11.6 Transmutations
 + Level 12.8 Fire Magic
 * Level 15.3 Ice Magic
 - Level 3.0 Air Magic
 - Level 18.0 Earth Magic
 - Level 3.0 Poison Magic
 - Level 6.0 Evocations


You had 13 spell levels left.
You knew the following spells:

 Your Spells              Type           Power      Damage    Failure   Level
a - Necromutation         Tmut/Necr      70%        N/A       4%          8
b - Passwall              Tmut/Erth      100%       N/A       0%          2
c - Stone Arrow           Conj/Erth      100%       3d13      0%          3
d - Ozocubu's Refrigerat  Ice            61%        4d21      1%          7
f - Ignition              Fire           57%        3d16      1%          8
g - Shatter               Erth           64%        3d48*     3%          9
h - Polar Vortex          Ice            61%        N/A       9%          9
i - Borgnjor's Vile Clut  Necr/Erth      75%        N/A       0%          5
j - Lehudib's Crystal Sp  Conj/Erth      64%        10d15     1%          8

Your spell library contained the following spells:

 Spells                   Type           Power      Damage    Failure   Level
 Foxfire                  Conj/Fire      100%       2x1d9     0%          1
 Freeze                   Ice            100%       1d11      0%          1
 Magic Dart               Conj           100%       1d8       0%          1
 Necrotise                Necr           100%       1d9       0%          1
 Sandblast                Erth           100%       2d20      0%          1
 Shock                    Conj/Air       100%       1d9       0%          1
 Sting                    Tmut/Pois      100%       1d8       0%          1
 Scorch                   Fire           100%       2d10      0%          2
 Static Discharge         Conj/Air       100%       3-16/arc  0%          2
 Sublimation of Blood     Necr           100%       N/A       0%          2
 Wereblood                Tmut           100%       N/A       0%          2
 Conjure Flame            Conj/Fire      100%       6-21      0%          3
 Frozen Ramparts          Ice            100%       1d16      0%          3
 Vampiric Draining        Necr           100%       2d13      0%          3
 Animate Dead             Necr           100%       N/A       0%          4
 Dispel Undead            Necr           100%       3d31      0%          4
 Flame Wave               Conj/Fire      100%       2d21      0%          4
 Hailstorm                Conj/Ice       100%       3d20      0%          4
 Ice Form                 Ice/Tmut       100%       N/A       0%          4
 Petrify                  Tmut/Erth      100%       N/A       0%          4
 Sticky Flame             Conj/Fire      100%       2d11      0%          4
 Fireball                 Conj/Fire      61%        3d23      0%          5
 Iskenderun's Battlesphe  Conj           100%       2d15      0%          5
 Lee's Rapid Deconstruct  Erth           64%        3d30*     0%          5
 Apportation              Tloc           100%       N/A       1%          1
 Slow                     Hex            100%       N/A       1%          1
 Summon Small Mammal      Summ           100%       N/A       1%          1
 Blink                    Tloc           100%       N/A       1%          2
 Call Imp                 Summ           57%        N/A       1%          2
 Ensorcelled Hibernation  Hex/Ice        100%       N/A       1%          2
 Poisonous Vapours        Pois/Air       100%       N/A       1%          2
 Call Canine Familiar     Summ           57%        N/A       1%          3
 Confusing Touch          Hex            57%        N/A       1%          3
 Dazzling Flash           Conj/Hex       100%       N/A       1%          3
 Gell's Gravitas          Tloc           75%        N/A       1%          3
 Ignite Poison            Fire/Tmut/Pois 100%       N/A       1%          3
 Inner Flame              Hex/Fire       92%        N/A       1%          3
 Lesser Beckoning         Tloc           75%        N/A       1%          3
 Mephitic Cloud           Conj/Pois/Air  98%        N/A       1%          3
 Portal Projectile        Hex/Tloc       100%       N/A       1%          3
 Summon Guardian Golem    Hex/Summ       57%        N/A       1%          3
 Swiftness                Air            75%        N/A       1%          3
 Teleport Other           Tloc           75%        N/A       1%          3
 Tukima's Dance           Hex            57%        N/A       1%          3
 Airstrike                Air            37%        2d(6-22)  1%          4
 Animate Armour           Summ/Erth      100%       N/A       1%          4
 Corpse Rot               Necr/Pois/Air  100%       N/A       1%          4
 Fulminant Prism          Conj/Hex       51%        3d23      1%          4
 Iskenderun's Mystic Bla  Conj/Tloc      100%       2d19      1%          4
 Leda's Liquefaction      Hex/Erth       51%        N/A       1%          4
 Olgreb's Toxic Radiance  Pois           75%        N/A       1%          4
 Summon Ice Beast         Ice/Summ       97%        N/A       1%          4
 Summon Lightning Spire   Summ/Air       67%        N/A       1%          4
 Agony                    Necr           100%       N/A       1%          5
 Alistair's Intoxication  Tmut/Pois      63%        N/A       1%          5
 Blade Hands              Tmut           55%        N/A       1%          5
 Freezing Cloud           Conj/Ice/Air   56%        6-21      1%          5
 Irradiate                Conj/Tmut      60%        3d31      1%          5
 Manifold Assault         Tloc           75%        N/A       1%          5
 Metabolic Englaciation   Hex/Ice        48%        N/A       1%          5
 Yara's Violent Unravell  Hex/Tmut       44%        3d17      1%          5
 Eringya's Noxious Bog    Tmut/Pois      47%        N/A       1%          6
 Iron Shot                Conj/Erth      64%        9d12      1%          6
 Simulacrum               Ice/Necr       73%        N/A       1%          6
 Starburst                Conj/Fire      61%        6d16      1%          6
 Statue Form              Tmut/Erth      80%        N/A       1%          6
 Dragon Form              Tmut           55%        N/A       1%          7
 Orb of Destruction       Conj           64%        9d15      1%          7
 Spellforged Servitor     Conj/Summ      51%        N/A       1%          7
 Summon Forest            Summ/Tloc      33%        N/A       2%          5
 Borgnjor's Revivificati  Necr           73%        N/A       2%          8
 Infestation              Necr           73%        N/A       2%          8
 Summon Mana Viper        Hex/Summ       57%        N/A       4%          5
 Haunt                    Necr/Summ      59%        N/A       6%          7
 Storm Form               Tmut/Air       47%        N/A       7%          7
 Dispersal                Tloc           37%        N/A       8%          6
 Summon Cactus Giant      Summ           28%        N/A       26%         6
 Death's Door             Necr           73%        N/A       32%         9
 Malign Gateway           Summ/Tloc      33%        N/A       56%         7
 Maxwell's Capacitive Co  Air            37%        ∞         56%         8
 Enfeeble                 Hex            28%        N/A       77%         7
 Monstrous Menagerie      Summ           28%        N/A       77%         7
 Summon Hydra             Summ           28%        N/A       77%         7
 Disjunction              Tloc           37%        N/A       95%         8
 Summon Horrible Things   Summ           28%        N/A       100%        8


Dungeon Overview and Level Annotations

Branches:
Dungeon (15/15) Zot: 24945  Temple (1/1) D:4 Zot: 5892    Lair (5/5) D:10 Zot: 21606
  Swamp (4/4) Lair:2 Zot: 18699  Spider (4/4) Lair:3 Zot: 19587   Slime (0/5) Lair:5
    Orc (2/2) D:9 Zot: 10290     Elf (3/3) Orc:2 Zot: 13732  Vaults (5/5) D:13 Zot: 20467
  Crypt (2/3) Vaults:2 Zot: 9195  Depths (4/4) D:15 Zot: 16585    Hell (visited)
    Dis (0/7) Hell            Geh (0/7) Hell            Coc (5/7) Hell Zot: 26970
    Tar (0/7) Hell            Zot (5/5) Depths:4 Zot: 22232  Bailey (visited)
  IceCv (visited)         Volcano (visited)         Desolation (visited)
Gauntlet (visited)

Altars:
Ashenzari
Cheibriados
Dithmenos
Fedhas
Gozag
Hepliaklqana
Kikubaaqudgha
Makhleb
Nemelex Xobeh
Okawaru
Qazlal
Ru
Sif Muna
Trog
Uskayaw
Vehumet
Wu Jian
Xom
Yredelemnul
Jiyva

Shops:
D:10 :   Orc:2 ([*:   Elf:1 ?   Vaults:1 ?   Vaults:2 *   Vaults:3 (
Vaults:4 [   Vaults:5 (   Depths:2 *   Depths:4 (

Portals:
Hell: Depths:1 Depths:2 Depths:3 Depths:4
Abyss: Depths:1 Depths:2 Depths:3
Pandemonium: Depths:2

Annotations:
Vaults:3 36 runed doors, exclusion: 36 doors
Crypt:1 2 transporters
Crypt:2 2 transporters, Boris; Donald; Grunn; Osipn's ghost, veteran MiGl
Coc:5 exclusion: upstairs
Zot:4 1 runed translucent door, ShutUppercut's ghost, legendary DsGl


Innate Abilities, Weirdness & Mutations

You are an undead lich.
Your unarmed attacks are suffused with negative energy.
You are immune to unholy pain and torment.
Your necromantic spells are more powerful.
You cannot drink.
You are immune to poison.
You are surrounded by a strong repulsion field. (EV +4, RMsl)
You regenerate a lot of health from kills.
Spells you cast and wands you use may paralyse nearby enemies.
Your presence sometimes corrodes or deforms those you injure.
You can speak a Word of Chaos.
Your touch may irresistibly damage your foes and sap their willpower.
You have a pair of small antennae on your head.
Your body often deteriorates upon taking damage.
Your muscles are strong. (Str +4, Int/Dex -1)


Message History

* * * LOW HITPOINT WARNING * * *
Your body deteriorates!
You feel dopey.
The damnation engulfs your goliath frog!!!
Your goliath frog dies!
Your goliath frog's corpse dissolves into shadows!
The Hell Sentinel tears the web.
Toephij sneers, "Escape if wit thou hast!"
Toephij gestures.
Toephij blinks!
Eqotaot sneers, "Embrace thy dedition, thou paunchy kobold-kissing joithead!"
Your Killer Klown blinks!
Your green ugly thing barely misses Mones.
Your brown ugly thing basks in the mutagenic energy from its kin and changes!
Your death drake bites the Killer Klown!
Cizossar hits your green ugly thing!!
Your green ugly thing engulfs Mones but does no damage.
Your life force feels restored.
Unknown command.
As you read the scroll of summoning, it crumbles to dust.
Wisps of shadow whirl around you...
Your Killer Klown completely misses the swamp worm.
Fusch sneers, "Bolt whilst life thou hast!"
Hoabb tentacle-slaps your chaos spawn!!
The floating eye looks even sicker.
Your Killer Klown falters for a moment.
The Killer Klown prods your death drake with a +11 vampiric club!
The apocalypse crab bites your green ugly thing but does no damage.
The apocalypse crab claws your green ugly thing but does no damage.
Toephij gestures at you.
You feel haunted.
Your death drake bites the Killer Klown.
The swamp worm barely misses your Killer Klown.
Your Killer Klown strangle-hugs the swamp worm with a +12 club!!!
The swamp worm dies!
Vehumet accepts your kill.
Your brown very ugly thing misses Hoabb.
Fusch gestures at you.
The bolt of energy misses your death drake.
The bolt of energy hits the phantasmal warrior!!
The bolt of energy hits you!!
You die...

▓........
▓▓▓▓▓.............▓▓▓▓▓▓▓
.........................
...............§......§).
...............§§.°.§..§.
................°†..).☼§.
.............☼.p§.Yp†&.§†
...............2.Wk§.☼t§.
...............WLW..†u§†.
........§...§&.p4.&.u&.§†
.......§.......§°&.uu§.§.
........§.....G.pu..§..§.
.............§...§..§...†
..............§..........
................1&.......
▓▓▓▓▓.............▓▓▓▓▓▓▓
......


You could see Cizossar, Eqotaot (invisible, slow), Fusch (corroded), Hoabb
(slow, ally target), Mones, Toephij (ally target), a Killer Klown (poisoned,
slow, misshapen, ally target), a Hell Sentinel (summoned, slow), an apocalypse
crab (slow, misshapen), 2 phantasmal warriors, a freezing wraith (summoned), a
floating eye shaped shifter (charged, paralysed, very poisoned, corroded), 3
friendly Killer Klowns, 2 friendly very ugly things, a friendly death drake
(summoned), 3 friendly ugly things, a friendly blizzard demon (summoned), a
friendly yak (summoned) and a friendly chaos spawn (summoned).

Vanquished Creatures
  4 ancient liches
  7 dread liches
  6 orbs of fire
  Mara (Swamp:4)
  10 juggernauts (Zig:18)
  16 pandemonium lords
  Sojobo (Vaults:5)
  13 royal mummies
  7 shard shrikes
  Bai Suzhen (Vaults:3)
  Frederick (Vaults:5)
  Saint Roka (Elf:3)
  18 Killer Klowns
  Geryon (Hell)
  2 curse toes (Zot:3)
  9 golden dragons
  the Enchantress (Depths:2)
  11 caustic shrikes
  Nikola (Spider:4)
  A profane servitor (Zig:16)
  Jory (Depths:3)
  3 bone dragons
  3 Tzitzimimeh
  5 electric golems
  2 iron giants (Zig:21)
  A doom hound (Crypt:2)
  A Brimstone Fiend (Zig:9)
  5 hellephants
  Jorgrun (Swamp:1)
  16 tentacled monstrosities
  3 Hell Sentinels
  3 Ice Fiends
  Mlioglotl (Swamp:3)
  25 Orb Guardians
  5 searing wretches (Zig:13)
  5 liches
  A walking divine tome (Abyss:4)
  4 deep elf master archers (Elf:3)
  A walking earthen tome (Depths:2)
  A quicksilver dragon (shapeshifter) (Zig:23)
  3 ancient champions
  A deep elf blademaster (Elf:3)
  An eldritch tentacle (Zig:23)
  Asterion (Spider:4)
  5 titans
  6 sphinxes
  12 acid blobs
  5 death cobs
  11 quicksilver dragons
  3 Executioners
  A shadow dragon (shapeshifter) (Zig:23)
  4 tentacled starspawn (Abyss:4)
  13 shadow dragons
  A revenant (Crypt:2)
  16 storm dragons
  3 thorn hunters (Swamp:4)
  3 tengu reavers
  4 azure jellies
  Roxanne (Swamp:1)
  A fenstrider witch (shapeshifter) (Zig:23)
  An azure jelly (shapeshifter) (Zig:17)
  9 nagarajas (Zig:19)
  11 draconian monks
  2 rockslimes
  10 quicksilver elementals (Zig:21)
  2 narguns
  3 emperor scorpions
  A fire giant (shapeshifter) (Zig:23)
  14 fire giants
  9 deep elf sorcerers
  9 frost giants
  10 draconian knights
  9 iron dragons
  3 imperial myrmidons (Desolation)
  A demonspawn warmonger (Zig:9)
  9 draconian scorchers
  2 frost giants (shapeshifter)
  6 deep elf elementalists (Elf:3)
  9 ghouls
  15 vault wardens
  11 ghost moths
  8 balrugs
  6 orc warlords
  A shard shrike simulacrum (Coc:5)
  4 curse skulls
  10 draconian stormcallers
  6 draconian shifters
  4 spriggan defenders (Depths:2)
  17 ironbound preservers
  8 ironbound thunderhulks
  A cacodemon (Abyss:4)
  22 stone giants
  12 draconian annihilators
  7 reapers
  A juggernaut skeleton (Zig:22)
  3 broodmothers
  8 quicksilver oozes
  8 elemental wellsprings
  20 very ugly things
  6 war gargoyles
  12 green draconians
  10 eleionomae
  14 vampire knights
  Azrael (D:12)
  2 eleionomae (shapeshifter)
  16 black draconians
  7 starcursed masses
  A putrid mouth (Crypt:2)
  9 deep elf demonologists
  13 dire elephants
  4 bennus (Zig:22)
  7 entropy weavers
  A minotaur (Gauntlet)
  12 white draconians
  6 bunyips
  12 purple draconians
  A lorocyproca (Hell)
  9 spark wasps
  22 yellow draconians
  14 deep elf annihilators
  3 wendigos
  9 iron golems
  10 red draconians
  4 eidola
  14 ettins
  9 mummy priests
  Snorg (D:11)
  7 deep elf death magi
  2 green deaths
  5 crystal guardians
  12 fire dragons
  A merfolk impaler (Zig:5)
  A shambling mangrove (Swamp:3)
  5 blizzard demons
  A quicksilver dragon zombie (Zig:22)
  5 ragged hierophants (Desolation)
  11 deep elf high priests
  5 servants of whispers (Desolation)
  6 jiangshi
  12 great orbs of eyes
  10 yaktaur captains
  Fannar (D:10)
  A quicksilver dragon skeleton (Crypt:1)
  30 vault guards
  6 boulder beetles
  4 rakshasas
  7 peacekeepers
  A spriggan skeleton (Zig:22)
  7 caustic shrike simulacra
  8 spriggan air magi
  10 ice dragons
  24 hydras
  4 ironbound frosthearts
  2 catoblepae
  5 jorogumos
  An ogre mage (Vaults:5)
  2 hell beasts (Depths:3)
  An alligator snapping turtle (shapeshifter) (Zig:23)
  5 ghost crabs
  A juggernaut simulacrum (Coc:4)
  8 salamander tyrants
  17 centaur warriors
  An anaconda (shapeshifter) (Vaults:5)
  4 naga warriors
  7 radroaches
  An anaconda (Zig:19)
  31 dancing weapons
  3 death scarabs
  7 alligators
  A death knight (Crypt:1)
  5 two-headed ogres
  8 death yaks
  7 deep troll earth magi
  13 tengu warriors
  4 satyrs (Depths:2)
  5 deep troll shamans
  A bennu skeleton (Crypt:1)
  9 hell hogs
  A titan zombie (Zig:22)
  14 deep elf knights
  9 vampire magi
  5 orc high priests (Zig:18)
  10 spriggan berserkers
  12 sun demons
  6 wretched stars
  Nergalle (D:10)
  3 shock serpents (Zig:19)
  4 thrashing horrors
  A titan skeleton (Zig:22)
  7 soul eaters
  A crystal echidna (Zig:21)
  A hell knight (Depths:4)
  7 goliath frogs
  9 iron trolls
  7 skeletal warriors
  A salamander mystic (Zig:19)
  2 golden dragon zombies (Zig:22)
  A sixfirhy (Zig:9)
  5 pharaoh ants
  14 swamp dragons
  A sun moth (Spider:3)
  2 spark wasp zombies
  A fire crab (Gauntlet)
  Lodul (D:11)
  4 quicksilver dragon simulacra
  4 glowing orange brains
  A sea snake (Zig:5)
  5 shadow wraiths
  4 storm dragon skeletons
  A shadow demon (Zig:9)
  46 deep trolls
  4 flayed ghosts
  2 naga ritualists (Zig:19)
  5 orb spiders
  5 steelbarb worms
  6 spriggan druids
  8 deep elf archers
  An orb spider (shapeshifter) (Depths:3)
  A death drake (Zig:12)
  3 obsidian statues
  10 wizards
  A shadow dragon zombie (Crypt:2)
  14 phantasmal warriors
  23 ironbound convokers
  4 orange crystal statues
  7 lindwurms
  6 bog bodies
  A lindwurm (shapeshifter) (Zig:23)
  A tengu zombie (Zig:22)
  18 deep elf zephyrmancers
  A manticore (shapeshifter) (Zig:23)
  4 necromancers
  A stone giant zombie (Depths:2)
  5 oklob plants (Zot:4)
  33 wolf spiders
  2 orc sorcerers
  4 orc knights
  20 ugly things
  2 mana vipers (Zig:19)
  13 cyclopes
  3 worldbinders (Abyss:4)
  20 deep elf pyromancers
  7 will-o-the-wisps
  3 fauns (Depths:2)
  5 draconians (Abyss:4)
  A moth of wrath (shapeshifter) (Vaults:5)
  A salamander (Depths:4)
  A cyclops (shapeshifter) (Zig:23)
  9 shining eyes
  A tengu skeleton (Zig:22)
  Maurice (Orc:1)
  5 manticores
  31 moths of wrath
  16 black mambas
  12 guardian serpents
  7 rust devils (Hell)
  10 vault sentinels
  4 naga magi (Zig:19)
  18 elephants
  A water nymph (Zig:5)
  3 ice statues (Zig:21)
  7 smoke demons
  2 molten gargoyles (Desolation)
  An orange demon (Depths:2)
  2 titan simulacra
  2 eyes of devastation
  2 gargoyles
  Joseph (Lair:1)
  Maggie (D:10)
  8 apocalypse crabs
  9 cane toads
  2 centaur skeletons (Crypt:2)
  An unseen horror (Abyss:4)
  19 torpor snails
  A minotaur zombie (Crypt:1)
  A rime drake (shapeshifter) (Depths:2)
  8 demonic crawlers
  7 freezing wraiths
  A rime drake (Zig:12)
  22 yaktaurs
  8 hellions
  A purple draconian zombie (Crypt:2)
  2 tormentors
  A spriggan zombie (Depths:2)
  2 bunyip simulacra
  9 komodo dragons
  3 kobold demonologists
  7 ancient zymes
  A red devil (Gauntlet)
  A bloated husk (Zig:4)
  4 anaconda simulacra
  A green draconian skeleton (Crypt:1)
  16 guardian mummies
  6 tengu conjurers
  6 trolls
  8 meliai
  11 merfolk
  2 hellwings (Depths:2)
  2 polar bears
  A golden dragon simulacrum (Coc:3)
  A queen bee (D:15)
  A wolf spider simulacrum (D:14)
  33 hornets
  7 tyrant leeches
  15 blink frogs
  2 shadow dragon simulacra (Coc:1)
  45 saltlings (Desolation)
  2 harpy skeletons
  2 raiju (Zig:14)
  17 tarantellas
  An alligator zombie (Crypt:2)
  A satyr zombie (Crypt:2)
  6 dream sheep
  65 slime creatures
  17 jumping spiders
  3 stone giant simulacra
  2 centaur simulacra
  A snapping turtle (Zig:5)
  9 flying skulls
  A shadow (D:12)
  3 dire elephant simulacra
  11 ushabtiu
  22 culicivoras
  5 air elementals (Elf:1)
  3 water elementals
  49 yaks
  2 ynoxinuls
  29 spriggans
  2 vampires (D:10)
  6 wraiths
  6 wyverns
  7 basilisks
  4 fire elementals
  A basilisk (shapeshifter) (D:14)
  5 fire bats
  3 alligator snapping turtle simulacra
  17 large abominations
  2 golden eyes
  6 chaos spawn
  4 neqoxecs
  41 redbacks
  11 small abominations
  16 vampire mosquitoes
  3 wargs
  9 harpy simulacra
  2 steam dragons (Lair:5)
  2 nagas
  Edmund (D:6)
  18 swamp worms
  9 water moccasins
  6 hell hounds
  Duvessa (D:5)
  9 acid dragons
  2 floating eyes
  2 floating eyes (shapeshifter) (Zig:23)
  A swamp drake (shapeshifter) (Vaults:5)
  A fire bat skeleton (Crypt:1)
  12 swamp drakes
  2 ice beasts (D:6)
  A sky beast (D:7)
  2 black bears
  29 orc warriors
  4 great orb of eyes simulacra (IceCv)
  An ice dragon simulacrum (Coc:1)
  2 ettin simulacra
  3 boggarts (D:15)
  18 ogres
  A fire dragon simulacrum (Coc:2)
  14 wolves
  3 slime creature simulacra (IceCv)
  35 centaurs
  6 kobold brigands
  A wyvern zombie (Crypt:1)
  9 bullfrogs
  3 earth elementals
  9 glowing shapeshifter simulacra (IceCv)
  2 naga simulacra
  3 necrophages
  3 scorpions
  14 killer bees
  An electric eel (Lair:3)
  4 howler monkeys
  A howler monkey (shapeshifter) (Vaults:5)
  A vampire bat (Orc:1)
  A quasit (Abyss:4)
  2 centaur zombies
  21 jellies
  14 orc priests
  A gnoll bouda (D:6)
  2 hounds
  6 iguanas
  Terence (D:3)
  7 hell rats (Hell)
  19 orc wizards
  A lightning spire (Zot:1)
  Robin (D:2)
  36 mummies
  7 gnolls
  8 adders
  A shadow imp (D:5)
  2 ufetubi
  2 worms
  A dart slug (D:5)
  106 orcs
  4 ball pythons
  6 endoplasms
  5 giant cockroaches
  15 goblins
  8 hobgoblins
  15 jackals
  4 quokkas
  3 training dummies (Elf:3)
  12 bats
  A frilled lizard (D:3)
  A goblin skeleton (Crypt:1)
  8 kobolds
  An orc skeleton (Crypt:1)
  5 rats
  3 ball lightnings (Zig:23)
  A butterfly (Lair:4)
  3 creeping infernos (Hell)
  28 fire vortices
  2 starspawn tentacles (Abyss:4)
2994 creatures vanquished.

Vanquished Creatures (collateral kills)
  A pandemonium lord (Zig:23)
  A stone giant (shapeshifter) (Zig:23)
  A tarantella (Spider:4)
  A culicivora (Spider:4)
  A swamp worm (shapeshifter) (Zig:23)
5 creatures vanquished.

Vanquished Creatures (others)
  2 pandemonium lords
  A very ugly thing (Zig:23)
  An eleionoma (Zig:4)
  A fire dragon (Zig:12)
  A deep elf knight (Elf:2)
  An orb spider (Spider:2)
  An apocalypse crab (Zig:17)
  A rime drake (Lair:1)
  A water elemental (Elf:1)
  A culicivora (Spider:4)
  A swamp drake (Swamp:4)
  An ogre (D:11)
  A centaur (D:13)
  Dowan (D:5)
  An orc (Elf:3)
  A demonic plant (Gauntlet)
  13 foxfires
  27 fungi
  A lurking horror (Abyss:4)
  87 plants
  12 starspawn tentacles (Abyss:4)
  2 withered plants (Depths:3)
159 creatures vanquished.

Grand Total: 3158 creatures vanquished

Notes
Turn   | Place    | Note
-------+----------+-------------------------------------------
     0 | D:1      | protoss039 the Demonspawn Earth Elementalist began the
                  | quest for the Orb.
     0 | D:1      | Reached XP level 1. HP: 13/13 MP: 3/3
   176 | D:1      | Gained mutation: You regenerate a little health from kills.
                  | [demonic ancestry]
   176 | D:1      | Reached XP level 2. HP: 8/20 MP: 0/5
   543 | D:1      | Reached skill level 1 in Fighting
   909 | D:1      | Reached XP level 3. HP: 26/26 MP: 3/6
  1549 | D:1      | Learned a level 2 spell: Passwall
  1553 | D:1      | Learned a level 3 spell: Stone Arrow
  1905 | D:2      | Found a faded altar of an unknown god.
  1999 | D:2      | Noticed Robin
  2004 | D:2      | Reached skill level 1 in Transmutations
  2156 | D:2      | Killed Robin
  2157 | D:2      | Gained mutation: Your touch may inflict minor irresistible
                  | damage on your foes. [demonic ancestry]
  2157 | D:2      | Reached XP level 4. HP: 30/33 MP: 2/8
  2175 | D:2      | Identified 3 scrolls of acquirement
  2176 | D:2      | Acquired a +3 dagger of venom
  2180 | D:2      | Acquired the +0 buckler of Elyvilon's Vengeance {rF+ rC++}
  2187 | D:2      | Acquired a book of Blasting
  2522 | D:3      | Identified the +9 dagger of Echent {vorpal, rN+ Int+2}
  2556 | D:3      | Noticed Terence
  2568 | D:3      | Killed Terence
  2639 | D:3      | Gained mutation: Your touch may inflict irresistible damage
                  | on your foes. [demonic ancestry]
  2639 | D:3      | Reached XP level 5. HP: 38/38 MP: 6/9
  2742 | D:3      | Found a broken altar of Ashenzari.
  2891 | D:3      | Reached skill level 1 in Conjurations
  3138 | D:4      | Noticed an ogre
  3142 | D:4      | Killed an ogre
  3143 | D:4      | Reached skill level 1 in Armour
  3143 | D:4      | Reached skill level 1 in Shields
  3143 | D:4      | Reached skill level 3 in Spellcasting
  3283 | D:4      | You fall into a shaft and drop 3 floors!
  3292 | D:7      | Noticed a centaur
  3319 | D:6      | Gained mutation: You are surrounded by a mild repulsion
                  | field. (EV +2) [demonic ancestry]
  3319 | D:6      | Reached XP level 6. HP: 14/46 MP: 1/10
  3655 | D:6      | Noticed an ice beast
  3667 | D:6      | Killed an ice beast
  3727 | D:6      | Noticed an ice beast
  3743 | D:6      | Killed an ice beast
  3810 | D:6      | Noticed Edmund
  3915 | D:6      | Gained mutation: Spells you cast may paralyse adjacent
                  | enemies. [demonic ancestry]
  3915 | D:6      | Reached XP level 7. HP: 52/52 MP: 9/12
  3987 | D:5      | Entered Level 5 of the Dungeon
  4007 | D:5      | Noticed Duvessa
  4026 | D:5      | Found a sparkling altar of Nemelex Xobeh.
  4027 | D:5      | Found a stormy altar of Qazlal.
  4030 | D:5      | Found a hazy altar of Hepliaklqana.
  4030 | D:5      | Found a sacrificial altar of Ru.
  4037 | D:5      | Noticed Dowan
  4043 | D:5      | Killed Dowan
  4054 | D:5      | Killed Duvessa
  4495 | D:4      | Identified the +4 robe of Disguise {rElec Will++ Int-5}
  4551 | D:4      | Found a staircase to the Ecumenical Temple.
  4594 | Temple   | Entered the Ecumenical Temple
  4693 | Temple   | Became a worshipper of Vehumet
  5123 | D:5      | Gained mutation: Your presence sometimes corrodes those you
                  | injure. [demonic ancestry]
  5123 | D:5      | Reached XP level 8. HP: 60/61 MP: 9/13
  5453 | D:5      | Reached * piety under Vehumet
  5453 | D:5      | Offered knowledge of Magic Dart by Vehumet.
  5553 | D:5      | Found a blossoming altar of Fedhas.
  6056 | D:6      | Killed Edmund
  6233 | D:6      | Reached skill level 4 in Spellcasting
  6390 | D:6      | Reached skill level 5 in Fighting
  6452 | D:6      | Acquired 392 gold pieces
  6861 | D:8      | Reached XP level 9. HP: 68/68 MP: 11/15
  7277 | D:8      | Found a flagged portal.
  7284 | Bailey   | Entered a bailey
  7416 | Bailey   | Reached ** piety under Vehumet
  7424 | Bailey   | Reached skill level 5 in Earth Magic
  7430 | Bailey   | Offered knowledge of Foxfire by Vehumet.
  7750 | Bailey   | Reached skill level 5 in Spellcasting
  7898 | Bailey   | Reached skill level 1 in Evocations
  8053 | Bailey   | Gained mutation: Your touch may irresistibly damage your
                  | foes and sap their willpower. [demonic ancestry]
  8053 | Bailey   | Reached XP level 10. HP: 79/79 MP: 3/17
  8095 | Bailey   | Identified the amulet "Odames Zeutz" {Spirit Str+4}
  8097 | Bailey   | Identified the +8 double sword of Focus {vorpal, rC- rN+
                  | SInv}
  8534 | D:9      | Offered knowledge of Searing Ray by Vehumet.
  8578 | D:9      | Reached *** piety under Vehumet
  8603 | D:9      | Found a staircase to the Orcish Mines.
  8658 | D:9      | Noticed a two-headed ogre
  8665 | D:9      | Killed a two-headed ogre
  8728 | D:9      | Reached skill level 5 in Conjurations
  8738 | D:9      | Learned a level 5 spell: Lee's Rapid Deconstruction
  8743 | D:9      | Learned a level 4 spell: Iskenderun's Mystic Blast
  8766 | D:9      | Noticed a sixfirhy
  8790 | D:9      | Reached skill level 1 in Short Blades
  8795 | D:9      | Offered knowledge of Frozen Ramparts by Vehumet.
  9082 | D:9      | Reached **** piety under Vehumet
  9280 | D:10     | Entered Level 10 of the Dungeon
  9296 | D:10     | Reached skill level 1 in Translocations
  9483 | D:10     | Found a staircase to the Lair.
  9507 | D:10     | Noticed Maggie
  9525 | D:10     | Killed Maggie
  9702 | D:10     | Reached skill level 5 in Armour
  9738 | D:10     | Offered knowledge of Freezing Cloud by Vehumet.
  9745 | D:10     | Learned a level 5 spell: Freezing Cloud
  9796 | D:10     | Noticed Nergalle
  9799 | D:10     | Noticed a two-headed ogre
  9801 | D:10     | Noticed Fannar
  9803 | D:10     | Killed Nergalle
  9804 | D:10     | Gained mutation: You are surrounded by a moderate repulsion
                  | field. (EV +3) [demonic ancestry]
  9804 | D:10     | Reached XP level 11. HP: 61/86 MP: 7/19
  9821 | D:10     | Found Ilaets's Self-Improvement Boutique.
  9838 | D:10     | Killed a two-headed ogre
  9918 | D:10     | Killed Fannar
  9919 | D:10     | Reached skill level 1 in Ice Magic
  9919 | D:10     | Reached skill level 1 in Air Magic
 10343 | D:11     | Noticed Lodul
 10356 | D:11     | Killed Lodul
 10554 | D:11     | Noticed a brown ugly thing
 10560 | D:11     | Killed a brown ugly thing
 10561 | D:11     | Reached skill level 5 in Shields
 10561 | D:11     | Noticed Snorg
 10574 | D:11     | Killed Snorg
 10575 | D:11     | Reached skill level 5 in Stealth
 10575 | D:11     | Reached skill level 6 in Spellcasting
 11242 | D:12     | Noticed a five-headed hydra
 11249 | D:12     | Killed a five-headed hydra
 11268 | D:12     | HP: 2/87 [slime creature (13)]
 11963 | D:12     | Noticed a four-headed hydra
 11973 | D:12     | Killed a four-headed hydra
 11974 | D:12     | Gained mutation: Spells you cast may paralyse nearby
                  | enemies. [demonic ancestry]
 11974 | D:12     | Reached XP level 12. HP: 79/94 MP: 5/21
 12153 | D:12     | Noticed a two-headed ogre
 12159 | D:12     | Killed a two-headed ogre
 12366 | D:12     | Noticed Azrael
 12994 | Lair:1   | Entered Level 1 of the Lair of Beasts
 13047 | Lair:1   | Noticed Joseph
 13056 | Lair:1   | Killed Joseph
 13065 | Lair:1   | Reached skill level 5 in Dodging
 13077 | Lair:1   | Noticed a seven-headed hydra
 13084 | Lair:1   | Killed a seven-headed hydra
 13379 | Lair:1   | Noticed an eight-headed hydra
 13387 | Lair:1   | HP: 1/95 [eight-headed hydra (7)]
 14141 | Lair:1   | Noticed a catoblepas
 14162 | Lair:1   | Killed a catoblepas
 14516 | Lair:1   | Found a snail-covered altar of Cheibriados.
 14529 | Lair:1   | Reached ***** piety under Vehumet
 14553 | Lair:1   | Offered knowledge of Airstrike by Vehumet.
 14970 | Lair:1   | Killed an eight-headed hydra
 15136 | Lair:1   | Noticed a six-headed hydra
 15143 | Lair:1   | Killed a six-headed hydra
 15755 | Lair:2   | Noticed a catoblepas
 15766 | Lair:2   | Killed a catoblepas
 15837 | Lair:1   | Reached XP level 13. HP: 82/103 MP: 7/23
 16097 | Lair:1   | Learned a level 5 spell: Borgnjor's Vile Clutch
 16386 | Lair:2   | Reached skill level 1 in Necromancy
 16408 | Lair:2   | Found a staircase to the Swamp.
 16755 | Lair:3   | Reached skill level 5 in Evocations
 16757 | Lair:3   | Reached skill level 10 in Fighting
 17183 | Lair:3   | Reached skill level 7 in Spellcasting
 17635 | Lair:3   | Found a hole to the Spider Nest.
 18872 | Lair:4   | Offered knowledge of Olgreb's Toxic Radiance by Vehumet.
 18875 | Lair:4   | Gained mutation: You regenerate health from kills. [demonic
                  | ancestry]
 18875 | Lair:4   | Reached XP level 14. HP: 84/111 MP: 20/25
 19294 | Lair:5   | Entered Level 5 of the Lair of Beasts
 19351 | Lair:5   | Reached skill level 8 in Spellcasting
 19380 | Lair:5   | Found a gate leading to a gauntlet.
 19410 | Lair:5   | Found a viscous altar of Jiyva.
 19411 | Lair:5   | Found a staircase to the Slime Pits.
 19440 | Lair:5   | Found a dark tunnel.
 19446 | Volcano  | Entered a volcano
 19514 | Volcano  | Identified the +2 pair of boots "Kopeblits" {+Blink rN+
                  | Will++}
 19674 | Gauntlet | Entered a Gauntlet
 19674 | Gauntlet | Found a transporter.
 19674 | Gauntlet | Found a transporter.
 19681 | Gauntlet | Learned a level 4 spell: Olgreb's Toxic Radiance
 19840 | Gauntlet | Found a transporter.
 19845 | Gauntlet | Found a transporter.
 19854 | Gauntlet | Found a transporter.
 19857 | Gauntlet | Found a transporter.
 19865 | Gauntlet | Found a transporter.
 19885 | Gauntlet | Found a transporter.
 19903 | Gauntlet | Found a transporter.
 19907 | Gauntlet | Found a transporter.
 19916 | Gauntlet | Found a transporter.
 19920 | Gauntlet | Found a transporter.
 19973 | Gauntlet | Reached skill level 9 in Spellcasting
 20132 | Gauntlet | Learned a level 3 spell: Mephitic Cloud
 20488 | Lair:5   | Reached skill level 1 in Poison Magic
 20986 | Lair:5   | Found a runed translucent door.
 20994 | Lair:5   | Offered knowledge of Conjure Ball Lightning by Vehumet.
 21261 | Lair:5   | Reached skill level 5 in Necromancy
 22236 | Orc:1    | Entered Level 1 of the Orcish Mines
 22249 | Orc:1    | Noticed Maurice
 22260 | Orc:1    | Killed Maurice
 22637 | Orc:2    | Entered Level 2 of the Orcish Mines
 22821 | Orc:2    | Noticed a stone giant
 22822 | Orc:2    | Found Gugol's Book Emporium.
 22830 | Orc:2    | Killed a stone giant
 22831 | Orc:2    | Reached skill level 5 in Short Blades
 22848 | Orc:2    | Offered knowledge of Iskenderun's Battlesphere by Vehumet.
 22892 | Orc:2    | Found Ocwoch's General Store.
 22939 | Orc:2    | Bought a throwing net for 33 gold pieces
 22939 | Orc:2    | Bought a potion of berserk rage for 55 gold pieces
 22944 | Orc:2    | Found a staircase to the Elven Halls.
 23004 | Orc:2    | Reached XP level 15. HP: 117/117 MP: 23/28
 23006 | Orc:2    | Found Lycy's Antique Weapon Emporium.
 23097 | Orc:2    | Bought a sapphire hand axe for 264 gold pieces
 23097 | Orc:2    | Identified the +5 hand axe "Nyskif" {protect, rC+ Dex+7}
                  | (You bought it in a shop on level 2 of the Orcish Mines)
 23104 | Orc:2    | Found a bloodstained altar of Trog.
 23115 | Orc:2    | Found Lameug's Antique Armour Emporium.
 23978 | Swamp:1  | Entered Level 1 of the Swamp
 23978 | Swamp:1  | Noticed Roxanne
 23998 | Lair:2   | Learned a level 5 spell: Lee's Rapid Deconstruction
 24024 | Swamp:1  | Found a frozen archway.
 24029 | Swamp:1  | Noticed a tentacled monstrosity
 24037 | Swamp:1  | Killed a tentacled monstrosity
 24177 | IceCv    | Entered an ice cave
 24581 | IceCv    | Offered knowledge of Ozocubu's Refrigeration by Vehumet.
 24835 | IceCv    | Noticed an azure jelly
 24843 | IceCv    | Killed an azure jelly
 24885 | IceCv    | Found a viscous altar of Jiyva.
 24907 | IceCv    | Reached skill level 10 in Spellcasting
 25123 | IceCv    | Noticed an azure jelly
 25123 | IceCv    | Noticed a rockslime
 25142 | IceCv    | Killed an azure jelly
 25201 | IceCv    | Killed a rockslime
 25205 | IceCv    | Identified the +0 pair of boots of Inaction {Str+5 Int+4}
 25219 | IceCv    | Got the ring "Otiofu" {rC+ Will+}
 25277 | Swamp:1  | Killed Roxanne
 25748 | Swamp:1  | Noticed Jorgrun
 25755 | Swamp:1  | Killed Jorgrun
 26213 | Swamp:1  | Learned a level 7 spell: Ozocubu's Refrigeration
 26538 | Swamp:2  | Reached XP level 16. HP: 127/127 MP: 20/30
 27605 | Swamp:3  | Noticed Mlioglotl
 27731 | Swamp:3  | Offered knowledge of Spellforged Servitor by Vehumet.
 28225 | Swamp:3  | Killed Mlioglotl
 28303 | Swamp:4  | Entered Level 4 of the Swamp
 28350 | Swamp:4  | Noticed Mara
 28356 | Swamp:4  | Noticed protoss039's illusion
 29275 | Swamp:4  | Killed Mara
 29470 | Swamp:4  | Noticed a thorn hunter
 29474 | Swamp:4  | Killed a thorn hunter
 29646 | Swamp:4  | Noticed a thorn hunter
 29655 | Swamp:4  | Killed a thorn hunter
 29938 | Swamp:4  | Got a decaying rune of Zot
 29959 | Swamp:4  | Noticed a thorn hunter
 29968 | Swamp:4  | Killed a thorn hunter
 29968 | Swamp:4  | Offered knowledge of Lehudib's Crystal Spear by Vehumet.
 30986 | D:13     | Reached XP level 17. HP: 135/135 MP: 22/31
 31221 | D:13     | Found a gate to the Vaults.
 31853 | D:14     | Identified the +3 ring mail of Abstinence {rElec rF+ Will+
                  | Stlth+}
 32240 | D:14     | Found a burning altar of Makhleb.
 32299 | D:15     | Entered Level 15 of the Dungeon
 32556 | D:15     | Learned a level 8 spell: Lehudib's Crystal Spear
 32614 | D:15     | Found a staircase to the Depths.
 32673 | D:15     | Reached skill level 11 in Spellcasting
 32765 | D:15     | Reached ****** piety under Vehumet
 33242 | D:12     | Killed Azrael
 33247 | D:12     | Reached skill level 5 in Transmutations
 33572 | Lair:1   | Offered knowledge of Shatter by Vehumet.
 33572 | Lair:1   | Offered knowledge of Polar Vortex by Vehumet.
 33572 | Lair:1   | Offered knowledge of Maxwell's Capacitive Coupling by
                  | Vehumet.
 33737 | Spider:1 | Entered Level 1 of the Spider Nest
 34297 | Spider:1 | Reached skill level 10 in Conjurations
 35262 | Spider:1 | Reached skill level 10 in Earth Magic
 36234 | Spider:3 | Gained mutation: Your presence sometimes corrodes or
                  | deforms those you injure. [demonic ancestry]
 36234 | Spider:3 | Reached XP level 18. HP: 135/147 MP: 13/33
 36690 | Spider:4 | Entered Level 4 of the Spider Nest
 36889 | Spider:4 | Paralysed by a jorogumo for 1 turns
 36925 | Spider:4 | Noticed Asterion
 36931 | Spider:4 | Killed Asterion
 37237 | Spider:4 | Reached skill level 12 in Spellcasting
 37890 | Spider:4 | Got a gossamer rune of Zot
 37897 | Spider:4 | Identified the +0 hat "Femmubir" {Int+4 SInv}
 38017 | Spider:4 | Noticed Nikola
 38026 | Spider:4 | Killed Nikola
 38027 | Spider:4 | Reached skill level 15 in Fighting
 38210 | Elf:1    | Entered Level 1 of the Elven Halls
 38491 | Elf:1    | Paralysed by an air elemental for 1 turns
 38647 | Elf:1    | Found Zaickyocs's Magic Scroll Boutique.
 38678 | Elf:1    | Bought a scroll of fear for 68 gold pieces
 38678 | Elf:1    | Bought a scroll of blinking for 127 gold pieces
 38678 | Elf:1    | Bought a scroll of teleportation for 51 gold pieces
 39531 | Elf:2    | Identified the ring of Faunlas {rPois rN+}
 39640 | Elf:2    | Found a runed translucent gate.
 39641 | Elf:2    | Found a runed translucent gate.
 39641 | Elf:2    | Found a runed translucent gate.
 39749 | Elf:2    | Reached skill level 10 in Necromancy
 40083 | Elf:1    | Found a shimmering blue altar of Sif Muna.
 40394 | Elf:2    | Reached XP level 19. HP: 69/155 MP: 15/35
 41016 | Elf:3    | Entered Level 3 of the Elven Halls
 41566 | Elf:3    | Reached skill level 10 in Armour
 41748 | Elf:3    | Reached skill level 10 in Shields
 41751 | Elf:3    | Reached skill level 13 in Spellcasting
 41882 | Elf:2    | Learned a level 6 spell: Statue Form
 41891 | Elf:3    | Noticed Saint Roka
 41901 | Elf:3    | Killed Saint Roka
 42001 | Elf:3    | Noticed a Tzitzimitl
 42189 | Elf:3    | Identified the +0 plate armour "Ymael" {rF+++ Str+4}
 42210 | Elf:3    | Identified the +8 hand axe of Pestilence {vorpal, rC+ Str-2
                  | Int+4 Stlth+}
 42219 | Elf:3    | Identified the ring "Iluisec" {*Slow Fly rCorr Int+7}
 42263 | Elf:3    | Identified the amulet of the Past {Contam rElec Regen+
                  | Dex+3 SInv}
 42288 | Elf:3    | Identified the +8 spear of the Delightful God {freeze,
                  | +Blink Stlth+}
 42307 | Elf:3    | Identified the ring of Ronijyn {rF+ rN+ Str-3 Int+5 SInv}
 42317 | Elf:3    | Identified the +8 scimitar "Iwuuxt" {spect, Fragile Int+7
                  | Stlth+}
 42569 | Vaults:1 | Entered Level 1 of the Vaults
 42589 | Vaults:1 | Found Nunem's Magic Scroll Boutique.
 42597 | Vaults:1 | Bought a scroll of blinking for 75 gold pieces
 42597 | Vaults:1 | Bought a scroll of teleportation for 30 gold pieces
 43050 | Vaults:1 | Gained mutation: You are surrounded by a strong repulsion
                  | field. (EV +4, RMsl) [demonic ancestry]
 43050 | Vaults:1 | Reached XP level 20. HP: 165/165 MP: 5/37
 43936 | Vaults:2 | Found a crumbling gateway.
 43945 | Desolati | Entered the Desolation of Salt
 44197 | Desolati | Identified the +11 flail of Ambiguity {elec, Str+4}
 44258 | Desolati | Identified the amulet of Pewnu {RegenMP Harm rC+ Int-3}
 44265 | Desolati | Got Uluykh's Writings on the Pyre
 44270 | Desolati | Identified the ring "Ykywn" {Will+ Dex+3}
 44632 | Desolati | Identified the +2 hand axe "Isiz" {freeze, +Blink}
 44633 | Desolati | Identified the ring of Paranoia {rN+ Dex+4}
 44637 | Desolati | Identified the +1 chain mail of the Desolation of Salt
                  | {rElec Regen+}
 44639 | Desolati | Identified the amulet of Coguocreash {RegenMP -Tele rCorr
                  | MP+9 Int+9}
 44644 | Desolati | Got the Folio of Leadership
 44760 | Desolati | Reached skill level 14 in Spellcasting
 44853 | Desolati | Identified the +3 arbalest of Fatigue {elec, Int+2 Dex+4}
 44858 | Desolati | Identified the +5 great mace "Lifebane" {flame, Dex+4
                  | Stlth+}
 45595 | Vaults:2 | Found a staircase to the Crypt.
 46031 | Vaults:2 | Found Aroazul's Assorted Antiques.
 46039 | Vaults:2 | Bought a wand of iceblast (3) for 187 gold pieces
 47088 | Vaults:3 | Found a huge runed gate.
 47088 | Vaults:3 | Found a huge runed gate.
 47088 | Vaults:3 | Found a huge runed gate.
 47088 | Vaults:3 | Found a huge runed gate.
 47088 | Vaults:3 | Found a huge runed gate.
 47089 | Vaults:3 | Found a huge runed gate.
 47089 | Vaults:3 | Found a huge runed gate.
 47089 | Vaults:3 | Found a huge runed gate.
 47089 | Vaults:3 | Found a huge runed gate.
 47089 | Vaults:3 | Found a huge runed gate.
 47090 | Vaults:3 | Found a huge runed gate.
 47090 | Vaults:3 | Found a huge runed gate.
 47091 | Vaults:3 | Found a huge runed gate.
 47092 | Vaults:3 | Found a huge runed gate.
 47093 | Vaults:3 | Found a huge runed gate.
 47101 | Vaults:3 | Found a huge runed gate.
 47101 | Vaults:3 | Found a huge runed gate.
 47101 | Vaults:3 | Found a huge runed gate.
 47101 | Vaults:3 | Found a huge runed gate.
 47101 | Vaults:3 | Found a huge runed gate.
 47101 | Vaults:3 | Found a huge runed gate.
 47102 | Vaults:3 | Found a huge runed gate.
 47128 | Vaults:3 | Noticed Bai Suzhen
 47136 | Vaults:3 | Killed Bai Suzhen
 47210 | Vaults:3 | Found a huge runed gate.
 47211 | Vaults:3 | Found a huge runed gate.
 47219 | Vaults:3 | Found a huge runed gate.
 47219 | Vaults:3 | Found a huge runed gate.
 47219 | Vaults:3 | Found a huge runed gate.
 47219 | Vaults:3 | Found a huge runed gate.
 47219 | Vaults:3 | Found a huge runed gate.
 47219 | Vaults:3 | Found a huge runed gate.
 47220 | Vaults:3 | Found a huge runed gate.
 47221 | Vaults:3 | Found a huge runed gate.
 47222 | Vaults:3 | Found a huge runed gate.
 47244 | Vaults:3 | Found a huge runed gate.
 47244 | Vaults:3 | Found a huge runed gate.
 47244 | Vaults:3 | Found a huge runed gate.
 47746 | Vaults:3 | Gained mutation: Spells you cast and wands you use may
                  | paralyse nearby enemies. [demonic ancestry]
 47746 | Vaults:3 | Reached XP level 21. HP: 173/173 MP: 39/39
 47907 | Vaults:3 | Found Kifor's Antique Weapon Emporium.
 48843 | Vaults:4 | Found Yprooq's Antique Armour Shop.
 49361 | Crypt:1  | Entered Level 1 of the Crypt
 49388 | Crypt:1  | Found an ancient bone altar of Kikubaaqudgha.
 49613 | Crypt:1  | Reached skill level 10 in Stealth
 50046 | Depths:1 | Entered Level 1 of the Depths
 50131 | Depths:1 | Found a one-way gateway to a ziggurat.
 50166 | Depths:1 | Got the Precepts of the Earthen Undead
 50346 | Depths:1 | Found a blossoming altar of Fedhas.
 50354 | Depths:1 | Found a snail-covered altar of Cheibriados.
 50841 | Depths:1 | Found a one-way gate to the infinite horrors of the Abyss.
 51197 | Depths:1 | Found a gateway to Hell.
 51424 | Depths:2 | Found Tihoolir's Assorted Antiques.
 51457 | Depths:2 | Bought a scroll of fog for 116 gold pieces
 51457 | Depths:2 | Bought a potion of curing for 87 gold pieces
 51457 | Depths:2 | Bought a potion of heal wounds for 145 gold pieces
 51457 | Depths:2 | Bought a potion of mutation for 232 gold pieces
 51635 | Depths:2 | Reached skill level 15 in Spellcasting
 51908 | Depths:2 | Reached skill level 10 in Dodging
 52108 | Depths:2 | Identified the +4 giant club of Trog {vorpal, rElec Dex+2}
 52108 | Depths:2 | Identified the +6 giant club of Intense Expedience
                  | {distort, *Corrode MP+9 Int+6}
 52113 | Depths:2 | Reached XP level 22. HP: 183/183 MP: 37/41
 52200 | Depths:2 | Noticed the Enchantress
 52326 | Depths:2 | Killed the Enchantress
 52792 | Depths:2 | Found a one-way gate leading to the halls of Pandemonium.
 53476 | Depths:3 | Noticed a golden dragon
 53484 | Depths:3 | Killed a golden dragon
 53629 | Depths:3 | Noticed Jory
 53659 | Depths:3 | Killed Jory
 54810 | Depths:3 | Found a basalt altar of Yredelemnul.
 54872 | Depths:3 | Identified the +4 scale mail of Zian {rPois}
 55119 | Depths:3 | You are sucked into a shaft and drop 1 floor!
 55119 | Depths:4 | Entered Level 4 of the Depths
 55349 | Depths:3 | Identified the +6 battleaxe "Poevil" {pain, rPois rCorr
                  | Dex-3}
 55935 | Depths:4 | Found Ytac's Antique Weapon Shop.
 56227 | Depths:4 | Noticed a golden dragon
 56282 | Depths:4 | Killed a golden dragon
 56493 | Depths:4 | Found a gate to the Realm of Zot.
 56683 | Depths:4 | Gained mutation: You can speak a Word of Chaos. [demonic
                  | ancestry]
 56683 | Depths:4 | Reached XP level 23. HP: 188/190 MP: 31/42
 57328 | Vaults:2 | Reached skill level 16 in Spellcasting
 57719 | Crypt:1  | Reached skill level 15 in Earth Magic
 58199 | Crypt:1  | Found a transporter.
 58456 | Crypt:1  | Found a transporter.
 58551 | Crypt:2  | Found a transporter.
 58901 | Crypt:2  | Identified the +8 scimitar of the Healing Augurer {flame,
                  | rN+ Will+}
 58938 | Crypt:2  | Found a transporter.
 58938 | Crypt:2  | Noticed Osipn's ghost (veteran MiGl)
 58966 | Crypt:2  | Noticed Boris
 58967 | Crypt:2  | Noticed Donald
 59059 | Crypt:2  | Noticed Grunn
 60478 | Vaults:4 | Learned a level 9 spell: Shatter
 61078 | Vaults:5 | Entered Level 5 of the Vaults
 61086 | Vaults:5 | Noticed a dread lich
 61090 | Vaults:5 | Killed a dread lich
 61093 | Vaults:5 | Noticed an ancient lich
 61099 | Vaults:5 | Killed an ancient lich
 61167 | Vaults:5 | Noticed a dread lich
 61175 | Vaults:5 | Killed a dread lich
 61184 | Vaults:5 | Gained mutation: You regenerate a lot of health from kills.
                  | [demonic ancestry]
 61184 | Vaults:5 | Reached XP level 24. HP: 186/199 MP: 8/43
 61203 | Vaults:4 | Gained mutation: Your body sometimes deteriorates upon
                  | taking damage. [mutagenic glow]
 61394 | Vaults:5 | Reached skill level 17 in Spellcasting
 61477 | Vaults:5 | Noticed Sojobo
 61588 | Vaults:5 | Killed Sojobo
 61847 | Vaults:5 | Identified the +5 hand axe "Zusueliu" {vorpal, Fragile
                  | rPois rN+++}
 62115 | Vaults:5 | Identified the +2 chain mail "Yfeiditicwy" {rC+ rN++ Int-3
                  | Dex+3}
 62371 | Vaults:5 | Found Lotecot's Weapon Shop.
 62377 | Vaults:5 | Noticed Frederick
 62384 | Vaults:5 | Killed Frederick
 62730 | Vaults:5 | Found the +12 pair of quick blades "Gyre" and "Gimble"
                  | {protect}
 62749 | Vaults:5 | Got Jubibb's Compendium of the Flock and the Jaunt
 62752 | Vaults:5 | Identified the +6 long sword of Giutho {drain, *Noise rC+
                  | Dex+5 Stlth+}
 62758 | Vaults:5 | Identified the +0 mace of Rier {holy, rN+ Str+4}
 62768 | Vaults:5 | Got a silver rune of Zot
 62779 | Vaults:5 | Identified the +6 rapier of Sharp Tenacity {antimagic,
                  | Str+2 Int+6}
 63658 | Zot:1    | Entered Level 1 of the Realm of Zot
 65029 | Zot:2    | Noticed a Killer Klown
 65456 | Zot:2    | Killed a Killer Klown
 65685 | Zot:2    | Noticed an orb of fire
 65940 | Zot:2    | Gained mutation: You have an increased reservoir of magic.
                  | (+10% MP) [an orb of fire]
 65941 | Zot:2    | Gained mutation: You have a pair of small antennae on your
                  | head. [an orb of fire]
 65942 | Zot:2    | Gained mutation: Your spells are a little easier to cast,
                  | but a little less powerful. [an orb of fire]
 65943 | Zot:2    | Killed an orb of fire
 66468 | Zot:3    | Reached XP level 25. HP: 207/207 MP: 21/49
 67226 | Zot:4    | Reached skill level 18 in Spellcasting
 67557 | Zot:4    | Noticed ShutUppercut's ghost (legendary DsGl)
 67560 | Zot:4    | Found a runed translucent door.
 67976 | Zot:4    | Found the ring of Shadows {Umbra +Inv Stlth+}
 67981 | Zot:4    | Reached skill level 15 in Conjurations
 68552 | Zot:5    | Entered Level 5 of the Realm of Zot
 68636 | Zot:5    | Reached skill level 1 in Fire Magic
 68731 | Zot:5    | Reached skill level 1 in Long Blades
 69344 | Zot:5    | Noticed a dread lich
 69344 | Zot:5    | Noticed an ancient lich
 69353 | Zot:5    | Killed an ancient lich
 69536 | Zot:5    | Killed a dread lich
 69552 | Zot:5    | Reached skill level 15 in Shields
 69582 | Zot:5    | Noticed a dread lich
 69585 | Zot:5    | Killed a dread lich
 69688 | Zot:5    | Noticed a Killer Klown
 69699 | Zot:5    | Noticed a Killer Klown
 69702 | Zot:5    | Killed a Killer Klown
 69716 | Zot:5    | Killed a Killer Klown
 69743 | Zot:5    | Noticed a Killer Klown
 69752 | Zot:5    | Killed a Killer Klown
 69793 | Zot:5    | Noticed a Killer Klown
 69865 | Zot:5    | Noticed a Killer Klown
 69871 | Zot:5    | Killed a Killer Klown
 69872 | Zot:5    | Reached XP level 26. HP: 214/217 MP: 43/50
 69903 | Zot:5    | Noticed an orb of fire
 69904 | Zot:5    | Noticed a dread lich
 69917 | Zot:5    | Gained mutation: You are frail. (-10% HP) [an orb of fire]
 69919 | Zot:5    | Lost mutation: You have an increased reservoir of magic.
                  | (+10% MP) [an orb of fire]
 69921 | Zot:5    | Gained mutation: Your body often deteriorates upon taking
                  | damage. [an orb of fire]
 69922 | Zot:5    | Killed an orb of fire
 69927 | Zot:5    | Lost mutation: You are frail. (-10% HP) [potion of
                  | mutation]
 69927 | Zot:5    | Lost mutation: Your body often deteriorates upon taking
                  | damage. [potion of mutation]
 69927 | Zot:5    | Gained mutation: You are agile. (Dex +4, Str/Int -1)
                  | [potion of mutation]
 69927 | Zot:5    | Gained mutation: You expend magic power (3 MP) to
                  | strengthen your wands. [potion of mutation]
 69962 | Zot:5    | Noticed an orb of fire
 69972 | Zot:5    | Gained mutation: You have hidden genetic defects. [an orb
                  | of fire]
 69973 | Zot:5    | Killed an orb of fire
 69974 | Zot:5    | Lost mutation: You are agile. (Dex +4, Str/Int -1) [potion
                  | of mutation]
 69974 | Zot:5    | Lost mutation: Your spells are a little easier to cast, but
                  | a little less powerful. [potion of mutation]
 69974 | Zot:5    | Gained mutation: Your muscles are strong. (Str +4, Int/Dex
                  | -1) [potion of mutation]
 69975 | Zot:5    | Lost mutation: You have hidden genetic defects. [potion of
                  | mutation]
 69975 | Zot:5    | Lost mutation: You expend magic power (3 MP) to strengthen
                  | your wands. [potion of mutation]
 69975 | Zot:5    | Gained mutation: You are frail. (-10% HP) [potion of
                  | mutation]
 69975 | Zot:5    | Lost mutation: You are frail. (-10% HP) [potion of
                  | mutation]
 70140 | Zot:5    | Noticed an orb of fire
 70192 | Zot:5    | Noticed an orb of fire
 70208 | Zot:4    | Gained mutation: Your body often deteriorates upon taking
                  | damage. [an orb of fire]
 70209 | Zot:4    | Killed an orb of fire
 70473 | Zot:5    | Killed an orb of fire
 70474 | Zot:5    | Reached skill level 5 in Fire Magic
 70505 | Zot:5    | Reached skill level 19 in Spellcasting
 70548 | Zot:5    | Noticed a dread lich
 70554 | Zot:5    | Killed a dread lich
 70964 | Zot:5    | Noticed an orb of fire
 70971 | Zot:5    | Killed an orb of fire
 71080 | Zot:5    | Killed a dread lich
 71203 | Zot:5    | Learned a level 7 spell: Ozocubu's Refrigeration
 71212 | Zot:5    | Learned a level 8 spell: Ignition
 71382 | Hell     | Entered the Vestibule of Hell
 71383 | Hell     | Noticed Geryon
 71485 | Hell     | Killed Geryon
 71668 | Hell     | Found a gateway to the Iron City of Dis.
 71741 | Hell     | Found a gateway to the ashen valley of Gehenna.
 71866 | Hell     | Found a gateway to the decaying netherworld of Tartarus.
 71933 | Hell     | Found a gateway to the freezing wastes of Cocytus.
 72071 | Coc:1    | Entered Level 1 of Cocytus
 72224 | Coc:4    | Reached skill level 15 in Armour
 72654 | Zig:1    | Entered Level 1 of a ziggurat
 72724 | Zig:2    | Entered Level 2 of a ziggurat
 72756 | Zig:3    | Entered Level 3 of a ziggurat
 72767 | Zig:3    | Identified the ring "Caluly" {Wiz Int+3}
 72783 | Zig:4    | Entered Level 4 of a ziggurat
 72798 | Zig:4    | Identified the amulet of the Ant {rF+ Regen+}
 72806 | Zig:5    | Entered Level 5 of a ziggurat
 72813 | Zig:5    | Reached XP level 27. HP: 210/210 MP: 46/46
 72829 | Zig:5    | Identified the +9 spear "Mijus" {freeze, Drain Will+ Str+4}
 72847 | Zig:6    | Entered Level 6 of a ziggurat
 72854 | Zig:6    | Noticed a royal mummy
 72857 | Zig:6    | Killed a royal mummy
 72884 | Zig:6    | Identified the +5 ring mail of Voop {Str+2}
 72886 | Zig:6    | Identified the +1 leather armour of a volcano {+Inv rElec
                  | Will+ Dex+7}
 72897 | Zig:7    | Entered Level 7 of a ziggurat
 72906 | Zig:7    | Reached skill level 20 in Spellcasting
 72948 | Zig:8    | Entered Level 8 of a ziggurat
 72957 | Zig:8    | Noticed a royal mummy
 72960 | Zig:8    | Killed a royal mummy
 72967 | Zig:8    | Identified the +4 pair of gloves of the Page of Swords
                  | {Str+4}
 72974 | Zig:8    | Identified the +1 shortbow of the Tent {flame, rF+}
 72975 | Zig:8    | Identified the +2 mace "Kepiq" {pain, Str+3 Int+3}
 72978 | Zig:8    | Identified the +8 spear "Waomaw" {flame, rElec rCorr}
 72990 | Zig:9    | Entered Level 9 of a ziggurat
 72998 | Zig:9    | Noticed Ego Colymn the pandemonium lord
 73004 | Zig:9    | Killed Ego Colymn the pandemonium lord
 73046 | Zig:10   | Entered Level 10 of a ziggurat
 73083 | Zig:10   | Identified the ring "Pazodame" {Wiz rF+ Str+4}
 73088 | Zig:10   | Identified the +7 sling "Pafru" {vorpal, Int+7}
 73125 | Zig:11   | Entered Level 11 of a ziggurat
 73140 | Zig:11   | Reached skill level 10 in Fire Magic
 73152 | Zig:11   | Identified the ring "Deuzojoq" {Contam Drain rC+++ Will++
                  | Str+6}
 73154 | Zig:11   | Identified the +2 robe "Jogyrur" {Regen+ Int+4}
 73157 | Zig:11   | Identified the +4 rapier of Autumn {freeze, rPois Int+3}
 73166 | Zig:11   | Identified the ring "Itroag" {rN+ EV+4 Int+3}
 73225 | Zig:12   | Entered Level 12 of a ziggurat
 73235 | Zig:12   | Found the +9 staff of Wucad Mu {*channel}
 73238 | Zig:12   | Reached skill level 10 in Ice Magic
 73266 | Zig:12   | Identified the +4 mace of the Shrike {drain, Stlth+}
 73267 | Zig:12   | Identified the ring "Vacw" {rF+ Will+ Str+2}
 73324 | Zig:12   | Learned a level 8 spell: Necromutation
 73340 | Zig:13   | Entered Level 13 of a ziggurat
 73374 | Zig:13   | Identified the ring "Bykeoc" {rElec rF+ rC- rN++ Str+2}
 73376 | Zig:13   | Identified the +2 robe of Viafy {Int+3}
 73435 | Zig:14   | Entered Level 14 of a ziggurat
 73479 | Zig:14   | Identified the +5 ring mail of Space {rElec Dex+3}
 73494 | Zig:14   | Identified the +10 plate armour "Yjun Kee" {*Corrode rF+
                  | Will+}
 73559 | Zig:15   | Entered Level 15 of a ziggurat
 73582 | Zig:15   | Found the +2 shield of Resistance {rF++ rC++ Will++}
 73609 | Zig:15   | Identified the ring "Lyiwk" {Fire Drain Will+ Str+4 Stlth+}
 73611 | Zig:15   | Identified the +2 war axe of Arrival {holy, rElec rC+ Str+4
                  | Dex+4}
 73702 | Zig:16   | Entered Level 16 of a ziggurat
 73719 | Zig:16   | Noticed an ancient lich
 73721 | Zig:16   | Reached skill level 21 in Spellcasting
 73722 | Zig:16   | Killed an ancient lich
 73723 | Zig:16   | Noticed an ancient lich
 73725 | Zig:16   | Killed an ancient lich
 73745 | Zig:16   | Identified the +0 scale mail "Iciucim" {rF+ Dex+4}
 73753 | Zig:16   | Got the Discourse on Creative Vitiation
 73818 | Zig:16   | Learned a level 9 spell: Polar Vortex
 73835 | Zig:17   | Entered Level 17 of a ziggurat
 73844 | Zig:17   | Noticed Imaur the pandemonium lord
 73844 | Zig:17   | Noticed Duuvumn the pandemonium lord
 73852 | Zig:17   | Noticed Raesy the pandemonium lord
 73853 | Zig:17   | Noticed Uhisysi the pandemonium lord
 73856 | Zig:17   | Killed Imaur the pandemonium lord
 73858 | Zig:17   | Noticed Zattioc the pandemonium lord
 73860 | Zig:17   | Noticed Sum Ikhi the pandemonium lord
 73863 | Zig:17   | Noticed Vacvowyk the pandemonium lord
 73863 | Zig:17   | Noticed Faatunn the pandemonium lord
 73864 | Zig:17   | Noticed Daskim the pandemonium lord
 73870 | Zig:17   | Killed Zattioc the pandemonium lord
 73871 | Zig:17   | Noticed Ratatud the pandemonium lord
 73872 | Zig:17   | Killed Vacvowyk the pandemonium lord
 73872 | Zig:17   | Noticed Bughoelodu the pandemonium lord
 73873 | Zig:17   | Killed Duuvumn the pandemonium lord
 73873 | Zig:17   | Killed Raesy the pandemonium lord
 73875 | Zig:17   | Killed Sum Ikhi the pandemonium lord
 73877 | Zig:17   | Killed Uhisysi the pandemonium lord
 73877 | Zig:17   | Killed Daskim the pandemonium lord
 73878 | Zig:17   | Killed Bughoelodu the pandemonium lord
 73878 | Zig:17   | Killed Faatunn the pandemonium lord
 73878 | Zig:17   | Killed Ratatud the pandemonium lord
 73883 | Abyss:4  | Cast into level 4 of the Abyss (Killer Klown)
 74457 | Abyss:4  | Found a transporter.
 74475 | Abyss:4  | Reached skill level 10 in Transmutations
 74492 | Abyss:4  | Found a transporter.
 74495 | Abyss:4  | Noticed a dread lich
 74502 | Abyss:4  | Killed a dread lich
 74528 | Abyss:4  | Found a transporter.
 74533 | Abyss:4  | Got an abyssal rune of Zot
 74555 | Zig:17   | Escaped the Abyss
 74637 | Zig:17   | Got the Cyclopedia of the Bloody Inferno
 74641 | Zig:17   | Identified the +4 battleaxe of the Depths {freeze, Str+5}
 74642 | Zig:17   | Identified the +0 chain mail "Rishaopt" {Drain rC+ Will+++
                  | Int+4}
 74654 | Zig:17   | Identified the ring of Urairoun {rF+ Str+6 Dex+2}
 74677 | Zig:18   | Entered Level 18 of a ziggurat
 74688 | Zig:18   | Noticed a juggernaut
 74688 | Zig:18   | Noticed a juggernaut
 74689 | Zig:18   | Noticed a juggernaut
 74689 | Zig:18   | Noticed a juggernaut
 74692 | Zig:18   | Noticed a juggernaut
 74693 | Zig:18   | Noticed a juggernaut
 74693 | Zig:18   | Noticed a juggernaut
 74693 | Zig:18   | Noticed a juggernaut
 74694 | Zig:18   | Noticed a juggernaut
 74695 | Zig:18   | Killed a juggernaut
 74696 | Zig:18   | Killed a juggernaut
 74696 | Zig:18   | Killed a juggernaut
 74696 | Zig:18   | Killed a juggernaut
 74697 | Zig:18   | Reached skill level 5 in Long Blades
 74697 | Zig:18   | Reached skill level 22 in Spellcasting
 74697 | Zig:18   | Killed a juggernaut
 74697 | Zig:18   | Killed a juggernaut
 74697 | Zig:18   | Killed a juggernaut
 74697 | Zig:18   | Killed a juggernaut
 74697 | Zig:18   | Killed a juggernaut
 74697 | Zig:18   | Noticed a juggernaut
 74702 | Zig:18   | Killed a juggernaut
 74740 | Zig:18   | Identified the +4 battleaxe "Iclucw" {vamp, Drain rElec
                  | rC++ Will-}
 74744 | Zig:18   | Identified the ring of Qyitwumimi {rCorr Dex+6}
 74813 | Zig:19   | Entered Level 19 of a ziggurat
 74839 | Zig:19   | Found the +7 sceptre of Torment {pain, torment}
 74839 | Zig:19   | Found the +9 scales of the Dragon King {rPois rF+ rC+
                  | Will+}
 74843 | Zig:19   | Found the +1 robe of Vines {NoPotionHeal Regen++++}
 74844 | Zig:19   | Found the brooch of Shielding {Spirit SH+8}
 74884 | Zig:19   | Got Ajitilua's Precepts of the Inferno and the Squall
 74890 | Zig:19   | Identified the +4 ring mail "Cotuyveq" {Harm rElec rF- rC+}
 74899 | Zig:19   | Identified the ring "Earthly Heaven" {Ice Str+4}
 74902 | Zig:19   | Identified the +6 gold dragon scales "Gidak" {-Cast Fly
                  | rPois rF+ rC+ Regen+ Stlth-}
 74903 | Zig:19   | Identified the +7 broad axe "Upnedd" {vorpal, Str+4}
 74994 | Zig:20   | Entered Level 20 of a ziggurat
 75018 | Zig:20   | Reached skill level 15 in Necromancy
 75083 | Zig:20   | Identified the +1 scale mail of Lufiniet {Int+7 Stlth+}
 75088 | Zig:20   | Got Veilaut's Exposition on the Snowy Summer
 75095 | Zig:20   | Identified the amulet of Bicwuwaufi {Spirit Str+2 Int+3}
 75109 | Zig:20   | Got the Exposition on the Chill and Black Magic
 75116 | Zig:20   | Identified the ring "Hebig" {Ice rPois rN+ Will+}
 75182 | Zig:21   | Entered Level 21 of a ziggurat
 75316 | Zig:21   | Identified the ring "Curi" {rN+ Will+ SInv}
 75317 | Zig:21   | Identified the +12 broad axe "Aphikk" {drain, *Noise Will++
                  | Int+3 SInv}
 75400 | Zig:22   | Entered Level 22 of a ziggurat
 75414 | Zig:22   | Noticed a royal mummy
 75415 | Zig:22   | Noticed a royal mummy
 75417 | Zig:22   | Noticed a royal mummy
 75419 | Zig:22   | Noticed a royal mummy
 75420 | Zig:22   | Noticed a royal mummy
 75420 | Zig:22   | Noticed a royal mummy
 75422 | Zig:22   | Killed a royal mummy
 75422 | Zig:22   | Killed a royal mummy
 75422 | Zig:22   | Killed a royal mummy
 75422 | Zig:22   | Killed a royal mummy
 75423 | Zig:22   | Killed a royal mummy
 75423 | Zig:22   | Noticed a royal mummy
 75425 | Zig:22   | Killed a royal mummy
 75426 | Zig:22   | Noticed a royal mummy
 75427 | Zig:22   | Noticed a royal mummy
 75427 | Zig:22   | Noticed a royal mummy
 75429 | Zig:22   | Killed a royal mummy
 75429 | Zig:22   | Killed a royal mummy
 75429 | Zig:22   | Killed a royal mummy
 75431 | Zig:22   | Noticed a royal mummy
 75432 | Zig:22   | Killed a royal mummy
 75436 | Zig:22   | Killed a royal mummy
 75437 | Zig:22   | Reached skill level 15 in Ice Magic
 75448 | Zig:22   | Identified the ring of Unodd {rF+ Str+3}
 75466 | Zig:22   | Identified the +0 scale mail of Vorgh {*Corrode Fly rC-
                  | Will+++}
 75467 | Zig:22   | Identified the +0 scale mail "Naluoxi" {rC+++ rCorr Slay+2
                  | Stlth-}
 75528 | Zig:23   | Entered Level 23 of a ziggurat
 75551 | Zig:23   | Noticed Ekexke the pandemonium lord
 75552 | Zig:23   | Noticed Cahae the pandemonium lord
 75552 | Zig:23   | Noticed Hoabb the pandemonium lord
 75553 | Zig:23   | Noticed Baotutol the pandemonium lord
 75555 | Zig:23   | Noticed Oder the pandemonium lord
 75555 | Zig:23   | Noticed Fusch the pandemonium lord
 75556 | Zig:23   | Noticed Malopt Cugif the pandemonium lord
 75556 | Zig:23   | Noticed Hupoetut the pandemonium lord
 75556 | Zig:23   | Noticed Cizossar the pandemonium lord
 75557 | Zig:23   | Noticed Folafy the pandemonium lord
 75557 | Zig:23   | Killed Cahae the pandemonium lord
 75558 | Zig:23   | Killed Hupoetut the pandemonium lord
 75558 | Zig:23   | Killed Baotutol the pandemonium lord
 75558 | Zig:23   | Killed Malopt Cugif the pandemonium lord
 75558 | Zig:23   | Killed Ekexke the pandemonium lord
 75559 | Zig:23   | Reached skill level 23 in Spellcasting
 75559 | Zig:23   | Noticed Mones the pandemonium lord
 75560 | Zig:23   | Noticed Toephij the pandemonium lord
 75562 | Zig:23   | Noticed Eqotaot the pandemonium lord
 75567 | Zig:23   | Killed Oder the pandemonium lord
 75568 | Zig:23   | Killed Folafy the pandemonium lord
 75569 | Zig:23   | Blown up by Fusch the pandemonium lord

Illustrated notes

Levels and vault maps discovered:
D:1:      ncdulo_smallfort, layout_basic
D:2:      layout_loops_ring, hellmonk_ecumenical_altar_pennies_from_heaven,
          kennysheep_generic_room_7, uniq_robin
D:3:      layout_basic, mainiacjoe_overflow_surrounded_room,
          chequers_serial_rivers_micro_e, uniq_terence
D:4:      layout_loops_ring, temple_statues, grunt_decor_one_mirror
D:5:      layout_loops_ring, grunt_temple_overflow_open,
          mainiacjoe_overflow_paths, chequers_ossuary_entry_cave, uniq_duvessa
D:6:      layout_loops_corners, uniq_edmund, uniq_menkaure
D:7:      layout_cave_pools
D:8:      layout_loops_ring, enter_bailey_2
D:9:      layout_roguey [special_room_orc]
D:10:     layout_roguey, dpeg_oklobed_lair, grunt_ministairs_9,
          nicolae_shop_self_help, uniq_maggie, uniq_nergalle, uniq_fannar
D:11:     layout_roguey, uniq_lodul, uniq_snorg
D:12:     layout_loops_corners, hex_medium, uniq_azrael
D:13:     layout_loops_cross, erik_vaults_1, minmay_unpleasant_kobolds
D:14:     layout_loops_ring, chequers_serial_rivers_room_a,
          minmay_misc_feat_hallway, drop_trap, makhleb_altar_promises_db
D:15:     hangedman_depths_entry_try_elsewhere_first, layout_irregular_city,
          nrook_mini_vaults, minivault_1, nicolae_looking_at_the_future
Temple:   lightli_temple_of_artemis
Lair:1:   layout_cave_pods, kennysheep_snail_temple, grunt_megastairs_2,
          uniq_joseph
Lair:2:   layout_regular_city, palyth_hydra_swamp_entry,
          infiniplex_staircase_pool
Lair:3:   layout_cave_pods, spider_nest_entry_web_field, serial_bayou_shore_a,
          infiniplex_staircase_pool_2
Lair:4:   layout_loops_ring, fungi_pond_lemuel, lemuel_fruit_fields,
          grunt_megastairs_3
Lair:5:   guppyfry_lair_end_dragon, layout_regular_city, wormcave,
          slime_entry_1, nicolae_volcano_entry_hallway, gauntlet_entry_generic,
          lemuel_fruit_tree
Swamp:1:  layout_basic_swamp, portal_ice_cave_entry_pillars_three,
          evilmike_swamp_ruin_house_6, swamp_pool4, kb_tengu_band, uniq_roxanne,
          uniq_jorgrun
Swamp:2:  layout_basic_swamp, evilmike_swamp_ruin_house_2
Swamp:3:  layout_basic_swamp, nicolae_swamp_well_well_well, uniq_mlioglotl
Swamp:4:  swamp_basic_johnstein, layout_basic_swamp, uniq_mara
Spider:1: nicolae_spider_hilbert_zone_5 [nicolae_spider_hilbert_3_sides_1_open,
          nicolae_spider_hilbert_4_sides_1_open,
          nicolae_spider_hilbert_4_sides_1_open,
          nicolae_spider_hilbert_6_sides_1_open,
          nicolae_spider_hilbert_6_sides_1_open]
Spider:2: layout_spider_delve, nicolae_spider_eight_legs
Spider:3: nicolae_spider_hall_of_the_moth_king
Spider:4: grunt_spider_rune_parallel, uniq_asterion, uniq_nikola
Orc:1:    layout_caves, basic_altar, roderic_batcave, uniq_maurice
Orc:2:    grunt_orc_gardens, layout_caves, grunt_orc_garden, grunt_orc_garden,
          grunt_orc_garden, grunt_orc_garden, basic_altar
Elf:1:    eino_elf_arrival_sip, layout_rooms, serial_shops, shop_statue,
          hangedman_elf_represent, lemuel_upstairs_altar
Elf:2:    nicolae_elf_blades_crystal_corner, layout_onion_city,
          lemuel_flamethrower_2
Elf:3:    minmay_elf_hall_hex, layout_rooms, nicolae_elf_archery_training,
          uniq_saint_roka
Vaults:1: ontoclasm_vaults_claustrophobia, v_misc_28,
          nicolae_vaults_network_star, vaults_mumra_minichess,
          vaults_room_guarded_vault, nicolae_vaults_gold_heap,
          layout_vaults_big_room, serial_shops, shop
Vaults:2: portal_desolation_entry_nicolae_slug,
          vaults_standard_mumra_enter_the_diamond,
          minmay_crypt_entry_simple_statues, nicolae_vaults_network_s,
          nicolae_vaults_hallways_thing, nicolae_vaults_yaktaur_gun_rack,
          v_misc_26, v_misc_30, vaults_mumra_hex, layout_vaults_quadrants,
          serial_shops, shop_statue
Vaults:3: gammafunk_ghost_door_vault, v_alt_pattern_3, vaults_room_fours,
          ontoclasm_vaults_spin, vaults_room_fours,
          nicolae_vaults_network_quinsquares
          [nicolae_vaults_network_quincunx_subvault,
          nicolae_vaults_network_quincunx_subvault,
          nicolae_vaults_network_quincunx_subvault,
          nicolae_vaults_network_quincunx_subvault], v_misc_25,
          nicolae_vaults_little_squares_6, nicolae_vaults_asterisk,
          nicolae_vaults_stairing_the_circle, ontoclasm_vaults_gateway,
          v_rooms_4, nicolae_vaults_angled_halls, vaults_room_ringed_pool,
          layout_vaults_omnibox, serial_shops, nicolae_shop_overgrown_old_shop,
          uniq_bai_suzhen
Vaults:4: nicolae_vaults_disjoint_gnomons, nicolae_vaults_mini_display_case,
          nicolae_vaults_three_branches, hangedman_vaults_stagger,
          st_spiral_rooms, ontoclasm_vaults_decontamination, v_misc_14,
          dpeg_vaults_monster_row, hangedman_vaults_snaps,
          ontoclasm_vaults_fault, layout_vaults_maze_bifur, serial_shops, shop
Vaults:5: serial_shops, uniq_sojobo, uniq_frederick
Crypt:1:  gammafunk_its_a_trap, layout_misc_corridors, basic_altar
Crypt:2:  gammafunk_crypt_yreds_forest, layout_regular_city,
          gammafunk_ghost_arena, uniq_donald, uniq_grunn, uniq_margery,
          uniq_boris
Depths:1: layout_gridlike, enter_ziggurat_d, abyss_entry, fedhas_altar_2,
          grunt_hell_entry_dis_old, slow_altar_2
Depths:2: grunt_forest_end_chambers, layout_basic, rand_demon_pan_entry_9,
          serial_aquarium, aquarium_bridge_straight [aquarium_subvault_bridge,
          aquarium_subvault_window, aquarium_subvault_bridge,
          aquarium_subvault_wall], aquarium_bridge_square
          [aquarium_subvault_window, aquarium_subvault_bridge,
          aquarium_subvault_balcony, aquarium_subvault_bridge],
          aquarium_window_1, aquarium_window_2, aquarium_window_1,
          aquarium_window_fake, aquarium_view_2d, aquarium_view_2f,
          aquarium_balcony_3b, hangedman_coc_ice_floe, serial_shops, shop,
          abyss_entry, kennysheep_generic_room_11
Depths:3: minmay_isolated_rectangles_in_corner, layout_honeycomb,
          nicolae_hell_entry_hellmouth_sunbeams, yredelemnul_altar_generic,
          abyss_entry, minmay_staircase_windowed_large, uniq_jory
Depths:4: evilmike_zot_entry_round, layout_gridville, serial_shops, shop,
          nicolae_lava_and_water, hangedman_geh_valley
Hell
Coc:1:    layout_cocytus_water_paths
Coc:2:    layout_cocytus_water_paths
Coc:3:    layout_cocytus_water_paths
Coc:4:    layout_cocytus_water_paths
Coc:5:    layout_ice_bergs
Zot:1:    layout_cathedral_of_symmetry, amethyst_zot_foddershock
Zot:2:    layout_gridville
Zot:3:    layout_basic, st_stairs_12
Zot:4:    lemuel_acid_trip, layout_onion_interference,
          hellmonk_ghost_happy_afterlife
Zot:5:    layout_onion
Zig:23

Skill      XL: |  1  2  3  4  5  6  7  8  9 10 11 12 13 14 15 16 17 18 19 20 21 22 23 24 25 26 27 |
---------------+----------------------------------------------------------------------------------+-----
Fighting       | 1 2 3 4 5 7 8 9 10 11 12 14 15 16 17 18 19 20 22 | 22.0
Earth Magic    | 3 4 5 6 7 8 9 10 11 12 13 14 15 16 17 18 | 18.0
Transmutations | 1 2 3 4 6 7 8 9 11 | 11.6
Conjurations   | 1 2 3 4 5 6 7 8 9 10 11 12 13 14 15 16 18 | 18.0
Armour         | 1 2 3 4 5 6 7 8 9 10 11 12 13 14 15 16 | 16.5
Shields        | 1 2 3 4 5 6 7 8 9 10 11 12 13 15 17 | 17.9
Spellcasting   | 3 4 5 6 7 9 10 11 12 13 14 15 16 17 18 19 23 | 23.1
Stealth        | 2 3 4 5 6 7 8 9 10 11 12 | 12.0
Dodging        | 2 3 4 5 6 7 8 9 10 11 12 | 12.0
Evocations     | 1 2 3 4 5 6 |  6.0
Short Blades   | 2 3 4 5 6 |  6.0
Translocations | 1 2 3 |  3.0
Ice Magic      | 3 4 15 | 15.3
Air Magic      | 3 |  3.0
Necromancy     | 4 5 7 9 10 11 12 15 | 15.0
Poison Magic   | 3 |  3.0
Fire Magic     | 4 8 12 | 12.8
Long Blades    | 2 4 9 |  9.2

Action                   |  1- 3 |  4- 6 |  7- 9 | 10-12 | 13-15 | 16-18 | 19-21 | 22-24 | 25-27 || total
-------------------------+-------+-------+-------+-------+-------+-------+-------+-------+-------++-------
Melee: Club              |    14 |       |       |       |       |       |       |       |       ||    14
       Dagger            |    82 |    46 |    23 |   109 |   169 |    81 |   474 |   225 |       ||  1209
       Punch             |     1 |       |       |       |       |     4 |       |       |       ||     5
       Long sword        |       |       |       |       |     1 |       |       |       |       ||     1
       Staff             |       |       |       |       |       |    31 |       |       |       ||    31
       Double sword      |       |       |       |       |       |   138 |       |       |       ||   138
       Touch             |       |       |       |       |       |    31 |       |       |       ||    31
       Scimitar          |       |       |       |       |       |       |       |    63 |   184 ||   247
Throw: Dart              |       |       |     7 |       |       |       |       |       |       ||     7
 Cast: Sandblast         |    58 |    42 |   103 |   145 |   167 |    47 |     5 |       |     7 ||   574
       Stone Arrow       |       |     2 |   108 |   219 |   330 |   300 |   195 |   101 |    73 ||  1328
       Passwall          |       |       |     1 |     1 |    11 |     6 |     2 |    19 |    14 ||    54
       Lee's Rapid Decon |       |       |       |     6 |    38 |       |       |       |       ||    44
       Iskenderun's Myst |       |       |       |     2 |    43 |    28 |    49 |    24 |     3 ||   149
       Freezing Cloud    |       |       |       |    11 |    73 |   118 |    82 |    83 |    39 ||   406
       Olgreb's Toxic Ra |       |       |       |       |    25 |    11 |     5 |       |       ||    41
       Mephitic Cloud    |       |       |       |       |     9 |     6 |     7 |       |       ||    22
       Borgnjor's Vile C |       |       |       |       |    32 |   308 |   286 |   262 |   183 ||  1071
       Lehudib's Crystal |       |       |       |       |       |       |    19 |   149 |   153 ||   321
       Statue Form       |       |       |       |       |       |       |     1 |     9 |    15 ||    25
       Shatter           |       |       |       |       |       |       |       |    28 |   128 ||   156
       Ignition          |       |       |       |       |       |       |       |       |    78 ||    78
       Ozocubu's Refrige |       |       |       |       |       |       |       |       |    16 ||    16
       Necromutation     |       |       |       |       |       |       |       |       |    27 ||    27
       Polar Vortex      |       |       |       |       |       |       |       |       |    11 ||    11
 Abil: End Transformatio |       |       |       |       |       |       |     1 |     4 |    12 ||    17
       Word of Chaos     |       |       |       |       |       |       |       |       |     2 ||     2
Evoke: Wand              |       |       |     5 |    10 |     2 |    11 |     4 |     4 |     4 ||    40
       Phantom mirror    |       |       |       |       |     1 |     1 |       |     1 |     1 ||     4
       Condenser vane    |       |       |       |       |       |       |       |     1 |     3 ||     4
  Use: Potion            |     1 |       |       |     6 |       |     7 |     7 |    10 |    15 ||    46
       Scroll            |       |    11 |     7 |    15 |    17 |    13 |     8 |     9 |    12 ||    92
 Stab: Sleeping          |     3 |       |     1 |     1 |     2 |     4 |    21 |    12 |     1 ||    45
       Paralysed         |       |       |     8 |    52 |    52 |    70 |    66 |    59 |    29 ||   336
       Distracted        |       |       |       |       |     1 |       |       |     1 |       ||     2
       Confused          |       |       |       |       |     1 |     1 |     1 |       |       ||     3
Armor: Robe              |    24 |       |     6 |    26 |    79 |    35 |       |       |       ||   170
       Animal skin       |       |    18 |     1 |       |       |       |       |       |       ||    19
       Ring mail         |       |       |       |       |       |   164 |   148 |   152 |   157 ||   621
       Skin              |       |       |       |       |       |       |       |    63 |    39 ||   102
Dodge: Dodged            |   135 |    63 |   105 |   149 |   299 |   361 |   391 |   412 |   364 ||  2279
       Repelled          |       |       |       |       |       |       |     8 |    19 |    49 ||    76
Block: Buckler           |       |    10 |    23 |    68 |    99 |    52 |   192 |   165 |    88 ||   697
       Kite shield       |       |       |       |       |       |       |       |       |   194 ||   194
